 Dungeon Crawl Stone Soup version 0.31-a0-233-g139696dc86 (webtiles) character file.

Game seed: 9581852563489300303

222 qw the Shooter (level 5, -9/45 HPs)
             Began as a Minotaur Hexslinger on July 7, 2023.
             Killed from afar by a steam dragon (19 damage)
             ... with a ball of steam
             ... on level 3 of the Dungeon.
             The game lasted 00:00:41 (1812 turns).

qw the Shooter (Minotaur Hexslinger)                Turns: 1812, Time: 00:00:42

Health: -9/45      AC:  8    Str: 10 (12) XL:     5   Next: 66%
Magic:  5/5        EV: 11    Int:  8 (10) God:
Gold:   151        SH:  0    Dex: 13 (15) Spells: 5/6 levels left

rFire   . . .        Y - +1 sling (freeze)
rCold   . . .        (no shield)
rNeg    . . .        g - +5 leather armour of Tuwnef {rPois}
rPois   +            (helmet restricted)
rElec   .            (no cloak)
rCorr   .            (no gloves)
SInv    .            (no boots)
Will    .....        (no amulet)
Stlth   +            (no ring)
HPRegen 0.27/turn    (no ring)
MPRegen 0.09/turn

%: no passive effects
@: no status effects
A: horns 2, retaliatory headbutt
a: no special abilities


You were on level 3 of the Dungeon.
You visited 1 branch of the dungeon, and saw 3 of its levels.

You collected 151 gold pieces.


Innate Abilities, Weirdness & Mutations

You have a pair of horns on your head.
You reflexively headbutt those who attack you in melee.


   Skills:
 - Level 3.0 Fighting
 + Level 5.9 Ranged Weapons
 - Level 1.0 Armour
 - Level 2.1 Dodging
 - Level 1.0 Spellcasting
 - Level 2.0 Hexes


You had 5 spell levels left.
You knew the following spells:

 Your Spells              Type           Power      Damage    Failure   Level
a - Slow                  Hex            12%        N/A       24%         1

Your spell library contained the following spells:

 Spells                   Type           Power      Damage    Failure   Level
 Inner Flame              Hex/Fire       2%         N/A       71%         3
 Portal Projectile        Hex/Tloc       4%         N/A       71%         3
 Cause Fear               Hex            1%         N/A       93%         4

Inventory:

Hand Weapons
 Y - a +1 sling of freezing (weapon)
Armour
 g - the +5 leather armour of Tuwnef (worn) {rPois}
   (You took it off a goblin on level 2 of the Dungeon)

   rPois:     It protects you from poison.
Scrolls
 a - a scroll of identify
 b - a scroll of fog {unknown}

Dungeon Overview and Level Annotations

Branches:
Dungeon (3/15)

Altars:


Message History

The sling bullet freezes the steam dragon.
The steam dragon hisses angrily.
The steam dragon is lightly wounded.
You shoot a sling bullet. The sling bullet hits the steam dragon.
The sling bullet freezes the steam dragon.
The steam dragon is moderately wounded.
You shoot a sling bullet.
The sling bullet hits the steam dragon but does no damage.
The steam dragon is moderately wounded.
You shoot a sling bullet. The sling bullet hits the steam dragon.
The sling bullet freezes the steam dragon.
The steam dragon is heavily wounded.
You shoot a sling bullet.
The sling bullet barely misses the steam dragon.
You shoot a sling bullet.
The sling bullet closely misses the steam dragon.
The steam dragon breathes steam at you. The ball of steam hits you!
You shoot a sling bullet.
The sling bullet completely misses the steam dragon.
You are engulfed in a cloud of scalding steam.
The steam dragon barely misses you. x2; The steam dragon bites you.
The steam dragon barely misses you.
You shoot a sling bullet.
The sling bullet hits the steam dragon but does no damage.
The steam dragon is heavily wounded.
You are engulfed in a cloud of scalding steam.
The steam dragon bites you but does no damage.
The steam dragon closely misses you.
You shoot a sling bullet.
The sling bullet barely misses the steam dragon.
You are engulfed in a cloud of scalding steam.
The steam dragon bites you. The steam dragon claws you.
You shoot a sling bullet. The sling bullet hits the steam dragon.
The sling bullet freezes the steam dragon.
The steam dragon is heavily wounded.
You are engulfed in a cloud of scalding steam.
The steam dragon breathes steam at you. The ball of steam hits you!!
You die...

#.#.......### .^#
#...........## .....
#.........#..#..#.#..
#.#........#.#.......
#######.##......#.#..
##.<.##.#......#
#######..%............
........##...........#
###########@#.......>#
#. #.D.#........#
....###.....<..#
....## #........# ...
########## .. .


You could see a steam dragon (catching breath).

Vanquished Creatures
  Sigmund (D:2)
  2 adders (D:2)
  A worm (D:2)
  2 dart slugs
  An orc (D:3)
  8 bats
  5 endoplasms
  A giant cockroach (D:3)
  5 goblins
  4 hobgoblins
  2 quokkas
  3 ball pythons
  4 frilled lizards
  4 kobolds
  3 rats
46 creatures vanquished.

Notes
Turn   | Place    | Note
-------+----------+-------------------------------------------
     0 | D:1      | qw the Minotaur Hexslinger began the quest for the Orb.
     0 | D:1      | Reached XP level 1. HP: 16/16 MP: 1/1
     0 | D:1      | 0 ||| qw: Version: 0.3-a-46-gb1f654a
     0 | D:1      | 0 ||| qw: Game counter: 3029
     0 | D:1      | 0 ||| qw: Melee chars always use a shield: true
     0 | D:1      | 0 ||| qw: God list: Okawaru
     0 | D:1      | 0 ||| qw: Allow faded altars: false
     0 | D:1      | 0 ||| qw: Do Orc after clearing Dungeon:15 true
     0 | D:1      | 0 ||| qw: Do second Lair branch before Depths: true
     0 | D:1      | 0 ||| qw: Lair rune preference: random
     0 | D:1      | 0 ||| qw: Goals: Normal
     0 | D:1      | 0 ||| PLANNING D:1-11
   206 | D:1      | Reached skill level 3 in Ranged Weapons
   255 | D:1      | Reached XP level 2. HP: 23/23 MP: 2/2
   596 | D:1      | 596 ||| FLEEEEING.
   597 | D:1      | 597 ||| FLEEEEING.
   598 | D:1      | 598 ||| FLEEEEING.
   615 | D:1      | 615 ||| FLEEEEING.
   616 | D:1      | 616 ||| FLEEEEING.
   617 | D:1      | 617 ||| FLEEEEING.
   618 | D:1      | 618 ||| FLEEEEING.
   966 | D:1      | 966 ||| UPGRADING to +0 ring mail.
   976 | D:1      | 976 ||| DROPPING +0 robe.
   977 | D:1      | 977 ||| READING 4 scrolls labelled KEOSAU MIXTANG.
   978 | D:1      | 978 ||| READING scroll labelled MEWKEO FUFUEG.
   979 | D:1      | 979 ||| READING scroll labelled LUSIDE UXKOABB.
   980 | D:1      | 980 ||| READING 3 scrolls of identify.
   980 | D:1      | 980 ||| IDENTIFYING amethyst potion
   981 | D:1      | 981 ||| DROPPING scroll of poison.
   982 | D:1      | 982 ||| DROPPING potion of berserk rage.
  1013 | D:2      | Noticed Sigmund
  1021 | D:2      | Killed Sigmund
  1022 | D:2      | Reached skill level 5 in Ranged Weapons
  1022 | D:2      | Reached XP level 3. HP: 23/29 MP: 3/3
  1022 | D:2      | Reached XP level 4. HP: 29/36 MP: 4/4
  1022 | D:2      | Reached XP level 5. HP: 33/41 MP: 5/5
  1120 | D:2      | Reached skill level 1 in Armour
  1369 | D:2      | Identified the +5 leather armour of Tuwnef {rPois}
  1626 | D:2      | 1626 ||| UPGRADING to +5 leather armour of Tuwnef {rPois}.
  1636 | D:2      | 1636 ||| DROPPING +0 ring mail.
  1637 | D:2      | 1637 ||| READING scroll labelled SOEMABLI PEQUE.
  1738 | D:2      | 1738 ||| READING scroll labelled LUURAT CIC.
  1739 | D:2      | 1739 ||| DRINKING 2 grey potions.
  1740 | D:2      | 1740 ||| READING 2 scrolls of identify.
  1740 | D:2      | 1740 ||| IDENTIFYING glowing blue potion
  1741 | D:2      | 1741 ||| DROPPING potion of degeneration.
  1742 | D:2      | 1742 ||| DROPPING potion of brilliance.
  1754 | D:3      | Found a faded altar of an unknown god.
  1782 | D:3      | Reached skill level 3 in Fighting
  1802 | D:3      | Noticed a steam dragon
  1811 | D:3      | HP: 10/45 [steam dragon (5)]
  1812 | D:3      | Killed from afar by a steam dragon

Levels and vault maps discovered:
D:1:      minmay_arrival_wavy_path, layout_basic, chequers_serial_rivers_small_a
D:2:      layout_loops_ring, minmay_bisected, uniq_sigmund
D:3:      layout_rooms, mainiacjoe_overflow_alcove_1, serial_co_window_serial,
          co_window_corner_a, co_window_paths_a, co_window_corner_a,
          co_window_corner_a, co_window_corner_a, co_window_corner_cb,
          co_window_corner_cb, co_window_unsneaky_path_e, glass_columns_c,
          glass_columns_a, glass_columns_a, glass_columns_a, glass_columns_a,
          ebering_ecumenical_altar_webs, minivault_24, serial_park_tiny_pond,
          feat_on_display

Skill      XL: |  1  2  3  4  5 |
---------------+----------------+-----
Ranged Weapons | 3 5 |  5.9
Fighting       | 2 3 |  3.0
Armour         | 1 |  1.0
Dodging        | |  2.1
Spellcasting   | |  1.0
Hexes          | |  2.0

Action                     |  1- 3 |  4- 6 || total
---------------------------+-------+-------++-------
   Fire: Sling             |    57 |    74 ||   131
    Use: Scroll            |     4 |     3 ||     7
         Potion            |       |     1 ||     1
 Armour: Robe              |     7 |       ||     7
         Ring mail         |     1 |     4 ||     5
         Leather armour    |       |     2 ||     2
  Dodge: Dodged            |    11 |    15 ||    26

Table legend:
 A = Non-vault XP
 B = Vault XP
 C = Vault XP percentage of total XP
 D = Non-vault monster count
 E = Vault monster count
 F = Vault count percentage of total count
                 A         B        C        D         E       F
            +---------+---------+-------+---------+---------+-------
      Total |      84 |     234 |  73.6 |      42 |       4 |   8.7
            +---------+---------+-------+---------+---------+-------
        D:1 |      29 |       0 |   0.0 |      18 |       0 |   0.0
        D:2 |      48 |     234 |  83.0 |      21 |       4 |  16.0
        D:3 |       7 |       0 |   0.0 |       3 |       0 |   0.0
            +---------+---------+-------+---------+---------+-------
